 Dungeon Crawl Stone Soup version 0.30-a0-916-g9813417 (webtiles) character file.

Game seed: 10559618561173018021

505 Dorkslayer the Shield-Bearer (level 7, -1/44 HPs)
             Began as a Gargoyle Fighter on Apr 13, 2023.
             Was an Initiate of Gozag.
             Slain by Edmund
             ... wielding a +0 heavy dire flail
              (7 damage)
             ... on level 5 of the Dungeon.
             The game lasted 00:17:46 (3334 turns).

Dorkslayer the Shield-Bearer (Gargoyle Fighter)     Turns: 3334, Time: 00:17:48

Health: -1/44      AC: 14    Str: 19    XL:     7   Next: 18%
Magic:  7/7        EV: 13    Int:  9    God:    Gozag
Gold:   96         SH:  6    Dex: 11    Spells: 6/6 levels left

rFire   . . .      SeeInvis .    a - +0 war axe
rCold   . . .      Faith    +    c - +1 buckler
rNeg    + . .      Spirit   .    r - +0 chain mail
rPois   ∞          Reflect  .    (no helmet)
rElec   +          Rampage  .    (no cloak)
rCorr   .                        (no gloves)
Will    .....                    (no boots) Stlth
                                 s - amulet of faith
HPRegen 0.27/turn                p - +5 ring of evasion
MPRegen 0.10/turn                h - ring of flight

@: flying, hasted, very quick
A: sickness immunity, AC +4, negative energy resistance 1, electricity
resistance, torment resistance 1, petrification resistance
a: Renounce Religion, Potion Petition, Call Merchant, Bribe Branch


You were on level 5 of the Dungeon.
You worshipped Gozag.
Gozag was noncommittal.
You visited 2 branches of the dungeon, and saw 6 of its levels.

You collected 161 gold pieces.
You paid 65 gold pieces to Gozag.

Inventory:

Hand Weapons
 a - a +0 war axe (weapon)
 t - a +1 broad axe
Missiles
 b - a throwing net
 j - 2 javelins (quivered)
Armour
 c - a +1 buckler (worn)
 r - a +0 chain mail (worn)
Jewellery
 h - a ring of flight (right hand)
 p - a +5 ring of evasion (left hand)
 s - an amulet of faith (around neck)
Scrolls
 e - 3 scrolls of poison
 i - 2 scrolls of immolation
 n - 3 scrolls of blinking
 q - 2 scrolls of teleportation
Potions
 d - a potion of curing
 k - a potion of mutation
 l - a potion of brilliance
 m - 2 potions of haste
 o - 2 potions of heal wounds


   Skills:
 + Level 4.5 Fighting
 + Level 3.1 Axes
 + Level 4.6 Armour
 * Level 3.3 Dodging
 + Level 4.6 Shields


You had 6 spell levels left.
You didn't know any spells.
Your spell library contained the following spells:

 Spells                   Type           Power      Damage    Failure   Level
 Beastly Appendage        Tmut           0%         N/A       99%         1
 Wereblood                Tmut           0%         N/A       100%        2
 Kindle Blastsparks       Fire/Tloc/Air  0%         2d10      100%        3
 Spider Form              Tmut/Pois      0%         N/A       100%        3
 Fulminant Prism          Conj/Hex       0%         3d5       100%        4
 Iskenderun's Mystic Bla  Conj/Tloc      0%         2d3       100%        4
 Lee's Rapid Deconstruct  Erth           0%         3d4*      100%        5


Dungeon Overview and Level Annotations

Branches:
Dungeon (5/15)             Temple (1/1) D:5

Altars:
Cheibriados
Dithmenos
Fedhas
Gozag
Hepliaklqana
Kikubaaqudgha
Makhleb
Nemelex Xobeh
Qazlal
Ru
Trog
Uskayaw
Vehumet
Wu Jian
Xom
Yredelemnul
Zin

Annotations:
D:5 Edmund


Innate Abilities, Weirdness & Mutations

You are immune to sickness and miasma.
Your stone body is resilient. (AC +4)
You are immune to poison.
You resist negative energy. (rN+)
You are resistant to electric shocks. (rElec)
You are resistant to unholy torment.
You are immune to petrification.


Message History

Aim: Edmund, wielding a +0 heavy dire flail, wearing a +0 leather armour and carrying a wand of polymorph (7) (57% to hit)
You throw a javelin. The javelin pierces through Edmund.
Edmund is lightly wounded.
Edmund drinks a potion.
Edmund goes berserk!
Unknown command.
Throw: 3 javelins
Press: ? - help, Q - select action, (/) - cycle Shift-Dir - straight line, f/p - Edmund
Aim: Edmund, wielding a +0 heavy dire flail, wearing a +0 leather armour and carrying a wand of polymorph (7) (lightly wounded, berserk, 57% to hit)
You throw a javelin. The javelin completely misses Edmund.
You hear a shout!
You hear an angry hiss.
You feel yourself speed up. Edmund barely misses you.
You slash Edmund!
Edmund is moderately wounded.
Edmund completely misses you.
An adder comes into view.
You slash Edmund!
Edmund is moderately wounded.
Edmund misses you.
You slash Edmund!
Edmund is heavily wounded.
You block Edmund's attack.
You barely miss Edmund.
Edmund is heavily wounded.
Edmund misses you.
You hit Edmund.
Edmund is heavily wounded.
Edmund hits you with a +0 heavy dire flail!!
You closely miss Edmund.
Edmund is heavily wounded.
Edmund hits you with a +0 heavy dire flail!
* * * LOW HITPOINT WARNING * * *
You hit Edmund but do no damage.
Edmund is heavily wounded.
Edmund hits you with a +0 heavy dire flail.
* * * LOW HITPOINT WARNING * * *
You slash Edmund!
Edmund is severely wounded.
Edmund hits you with a +0 heavy dire flail!
You die...
Your body crumbles into a pile of gold.

#!.# #.# #.......#
#..# #.##
#.##.##.# #..#
#..# #.##.##.#
...### ##.# #.#
...#. ...( . #.#
#.# ###.# ##.## #.
#.# #.# #..
.####.####.#####.#
#..
...((S@?.........#
#..
#.##.#@###.######
#.. #.# #.# ####.
..# #.########....
##..
...........##. .##
#########..<.. #
######


You could see Edmund (berserk) and an adder.

Vanquished Creatures
  An ogre (D:4)
  2 scorpions (D:4)
  3 hounds
  2 iguanas
  4 gnolls (D:4)
  5 adders
  A white imp (D:5)
  An ufetubus (D:4)
  2 dart slugs
  2 orcs
  8 endoplasms
  A giant cockroach (D:2)
  6 goblins
  6 hobgoblins
  6 kobolds
  4 quokkas
  9 ball pythons
  A bat (D:1)
  6 frilled lizards
  2 rats
  A spectral hobgoblin (D:4)
73 creatures vanquished.

Vanquished Creatures (others)
  An orc (D:4)
1 creature vanquished.

Grand Total: 74 creatures vanquished

Notes
Turn   | Place    | Note
-------+----------+-------------------------------------------
     0 | D:1      | Dorkslayer the Gargoyle Fighter began the quest for the
                  | Orb.
     0 | D:1      | Reached XP level 1. HP: 14/14 MP: 1/1
   187 | D:1      | Reached XP level 2. HP: 13/19 MP: 2/2
   895 | D:2      | Reached skill level 1 in Dodging
   895 | D:2      | Reached XP level 3. HP: 16/23 MP: 3/3
  1458 | D:3      | Reached XP level 4. HP: 28/28 MP: 4/4
  1596 | D:3      | Found a bloodstained altar of Trog.
  2348 | D:4      | Found a hazy altar of Hepliaklqana.
  2452 | D:4      | Reached XP level 5. HP: 14/33 MP: 5/5
  2582 | D:4      | Noticed an ogre
  2591 | D:4      | Killed an ogre
  2592 | D:4      | Reached XP level 6. HP: 28/38 MP: 6/6
  2760 | D:4      | Found a shadowy altar of Dithmenos.
  2760 | D:4      | Found an ancient bone altar of Kikubaaqudgha.
  2907 | D:4      | Found a burning altar of Makhleb.
  2922 | D:4      | Reached XP level 7. HP: 41/44 MP: 7/7
  3016 | D:5      | Entered Level 5 of the Dungeon
  3105 | D:5      | Found a staircase to the Ecumenical Temple.
  3114 | Temple   | Entered the Ecumenical Temple
  3156 | Temple   | Became a worshipper of Gozag Ym Sagoz the Greedy
  3321 | D:5      | Noticed Edmund
  3334 | D:5      | Slain by Edmund

Illustrated notes

Levels and vault maps discovered:
D:1:      dpeg_arrival_three_same_balls, layout_basic, minivault_14,
          kennysheep_pointless_box
D:2:      layout_loops_cross
D:3:      layout_basic, bloody_trog, dk_noncrumbling_2
D:4:      layout_cave_pools, makhleb_blood_cavern_becter,
          nicolae_hepliaklqana_monster_ancestors,
          gammafunk_temple_overflow_pools, nicolae_figureground_pulse
D:5:      lemuel_ratsnest, layout_loops_ring, led_sif_pool,
          minmay_temple_entry_antechambers, portal_sewer_entry_e, uniq_sigmund,
          uniq_edmund, uniq_prince_ribbit1
Temple:   nicolae_temple_hex_pool

Skill      XL: |  1  2  3  4  5  6 |
---------------+-------------------+-----
Axes           | 2 3 |  3.1
Dodging        | 1 2 3 |  3.3
Shields        | 4 |  4.6
Armour         | 4 |  4.6
Fighting       | 4 |  4.5

Action                     |  1- 3 |  4- 6 |  7- 9 || total
---------------------------+-------+-------+-------++-------
  Melee: War axe           |   116 |   168 |    29 ||   313
  Throw: Javelin           |       |       |     2 ||     2
    Use: Scroll            |       |    13 |     2 ||    15
         Potion            |       |     4 |     1 ||     5
   Stab: Invisible         |       |     6 |       ||     6
 Armour: Scale mail        |    66 |    21 |       ||    87
         Chain mail        |       |    73 |     4 ||    77
  Dodge: Dodged            |    41 |   155 |    17 ||   213
  Block: Buckler           |    32 |    58 |     8 ||    98

Table legend: (Time is in decaauts)
 A = Elapsed time spent in this place.
 B = Non-inter-level travel time spent in this place.
 C = Inter-level travel time spent in this place.
 D = Time resting spent in this place.
 E = Time spent auto-exploring this place.
 F = Levels seen in this place.
 G = Mean time per level.
                   A        B        C        D        E       F      G
               +--------+--------+--------+--------+--------+-----+--------+
         Total |   3465 |   3465 |      0 |      0 |   1141 |   6 |  577.5 |
       Dungeon |   3410 |   3410 |      0 |      0 |   1141 |   5 |  682.0 |
        Temple |     55 |     55 |      0 |      0 |      0 |   1 |   55.0 |
               +--------+--------+--------+--------+--------+-----+--------+

Top non-repeatable levels by time:
     D:3: 890 daAuts
     D:1: 883 daAuts
     D:4: 749 daAuts
     D:2: 615 daAuts
     D:5: 270 daAuts
  Temple: 55 daAuts
